 Dungeon Crawl Stone Soup version 0.23.1 (webtiles) character file.

Game seed: 12969443720863856089

44 Kairos the Sneak (level 3, 0/18 HPs)
             Began as a Vine Stalker Assassin on Mar 17, 2019.
             Succumbed to an adder's poison
             ... on level 1 of the Dungeon.
             The game lasted 00:02:08 (909 turns).

Kairos the Sneak (Vine Stalker Assassin)             Turns: 909, Time: 00:02:08

Health: 0/18       AC:  4    Str: 15    XL:     3   Next: 62%
Magic:  3/4        EV: 11    Int: 13    God:
Gold:   18         SH:  0    Dex: 18    Spells: 2/2 levels left

rFire    . . .     SeeInvis .   a - +2 dagger
rCold    . . .     Gourm    .   (no shield)
rNeg     . . .     Faith    .   j - +0 leather armour
rPois    .         Spirit   +   (no helmet)
rElec    .         Reflect  .   d - +0 cloak
rCorr    .         Harm     .   (no gloves)
MR       .....                  (no boots)
Stlth    ++++......             (no amulet)
HPRegen  0.06/turn              (no ring)
MPRegen  0.09/turn              (no ring)

@: lethally poisoned (0 -> -2), berserk cooldown, slowed, invisible, very slow
A: fangs 2, thin skeletal structure 1, clever 1, strong 1, magic shield,
antimagic bite, no potion heal 3, rot immunity
a: no special abilities


You were on level 1 of the Dungeon.
You were not hungry.

You visited 1 branch of the dungeon, and saw 2 of its levels.

You collected 18 gold pieces.

Inventory:

Hand Weapons
 a - a +2 dagger (weapon)
 b - a +0 blowgun
Missiles
 e - 8 poisoned needles
 f - 2 curare-tipped needles
Armour
 d - a +0 cloak (worn)
 j - a +0 leather armour (worn)
Scrolls
 i - a scroll of teleportation {unknown}
 l - a scroll of amnesia {unknown}
 m - 3 scrolls of fog {unknown}
 n - a scroll of immolation {unknown}
Potions
 h - a potion of berserk rage
 p - a potion of heal wounds {unknown}
Comestibles
 g - 2 rations


   Skills:
 + Level 1.9 Fighting
 + Level 2.0 Short Blades
 + Level 1.8 Throwing
 + Level 0.4 Armour
 + Level 1.0 Dodging
 + Level 6.1 Stealth


You had 2 spell levels left.
You didn't know any spells.
Your spell library was empty.

Dungeon Overview and Level Annotations

Branches:
Dungeon (2/15)

Altars:


Innate Abilities, Weirdness & Mutations

You have extremely sharp teeth.
When hurt, damage is shared between your health and your magic reserves.
Your bite disrupts and absorbs the magic of your enemies.
Potions cannot restore your health.
You are immune to rotting.
You have a somewhat thin skeletal structure. (Dex +2, Stealth)
Your mind is acute. (Int +2)
Your muscles are strong. (Str +2)


Message History

* * * LOW HITPOINT WARNING * * *
Unknown command.
You hit the jackal.
You kill the jackal!
It was a potion of berserk rage.
A red film seems to cover your vision as you go berserk!
You feel yourself moving faster!
You feel mighty!
You are too berserk!
You feel a strong urge to attack something.
* * * LOW HITPOINT WARNING * * *
You feel sick.
You feel your anger nearly subside.
You are no longer berserk.
You are exhausted.
You feel yourself slow down.
It was a potion of mutation.
You feel extremely strange.
Your bones become slightly less dense.
You feel stronger.
You feel clever.
It was a potion of invisibility.
You fade into invisibility!
You die...

.....# #.# ###.# ###### .....#
#.## #.# #....# ...[.# #..#
#.#### #.##.# .....####..#
#....####.##.#### ...........##
####....#.##...†.
###..###....#### #.÷.......#####
.###.# ##......# #.........# #..
.# #.#####..##.####.........# #..
.# #..)......#..@†..........###..
.###.......#..#########..........
...#(.......#.## ###>...#...
(#...#.####.#..# ##.......
.......# #)##.# ###.#.....
..##.### #.##.# #...##....
..##...# #.##.# ##.####....
..####.# #..#.# #..# ##.(.. #..#
#.## ##.#.########.####..#..


There were no monsters in sight!

Vanquished Creatures
  An adder (D:1)
  2 dart slugs (D:1)
  3 leopard geckos (D:1)
  2 giant cockroaches (D:1)
  4 goblins (D:1)
  2 hobgoblins (D:1)
  3 jackals (D:1)
  3 kobolds (D:1)
  4 bats (D:1)
  A frilled lizard (D:1)
  A rat (D:1)
26 creatures vanquished.

Notes
Turn   | Place    | Note
-------+----------+-------------------------------------------
     0 | D:1      | Kairos the Vine Stalker Assassin began the quest for the
                  | Orb.
     0 | D:1      | Reached XP level 1. HP: 11/11 MP: 2/2
    29 | D:1      | Reached skill level 5 in Stealth
    62 | D:1      | Reached XP level 2. HP: 13/15 MP: 3/3
   542 | D:1      | Reached XP level 3. HP: 17/18 MP: 4/4
   580 | D:1      | Reached skill level 6 in Stealth
   898 | D:1      | Reached skill level 1 in Dodging
   904 | D:1      | HP: 1/27 [poisoned by an adder]
   908 | D:1      | Gained mutation: You have a somewhat thin skeletal
                  | structure. (Dex +2, Stealth) [potion of mutation]
   908 | D:1      | Gained mutation: Your muscles are strong. (Str +2) [potion
                  | of mutation]
   908 | D:1      | Gained mutation: Your mind is acute. (Int +2) [potion of
                  | mutation]
   909 | D:1      | Succumbed to an adder's poison

Skill      XL: |  1  2  3 |
---------------+----------+-----
Stealth        | 5 6 |  6.1
Short Blades   | 2 |  2.0
Dodging        | 1 |  1.0
Fighting       | |  1.9
Throwing       | |  1.8
Armour         | |  0.4

Action                   || total
-------------------------++-------
Melee: Dagger            ||    80
       Bite              ||    16
  Use: Potion            ||     3
 Stab: Sleeping          ||     8
Armor: Leather armour    ||    27
Dodge: Dodged            ||    54
